 Dungeon Crawl Stone Soup version 0.21.0-3-g78d12a8 (webtiles) character file.

414052 HungrySpirit the Shatterer (level 24, -19/246 HPs)
             Began as a Gargoyle Wanderer on Jan 9, 2018.
             Was the Champion of the Shining One.
             Killed from afar by a Hell Sentinel (36 damage)
             ... with damnation
             ... on level 7 of the Iron City of Dis on Jan 10, 2018.
             The game lasted 02:18:37 (36060 turns).

HungrySpirit the Shatterer (Gargoyle Wanderer)     Turns: 36060, Time: 02:18:38

Health: -19/246    AC: 48    Str: 30      XL:     24   Next: 12%
Magic:  13/37      EV:  8    Int: 10 (13) God:    the Shining One [******]
Gold:   2196       SH: 16    Dex: 10      Spells: 23/23 levels left

rFire    + + +     SeeInvis .   e - +9 sacred scourge (holy)
rCold    + + +     Gourm    .   q - +2 shield of Resistance {rF+ rC+ MR+}
rNeg     + + +     Faith    +   x - +0 gold dragon scales
rPois    ∞         Spirit   .   Q - +2 helmet
rElec    +         Reflect  .   H - +1 cloak of Hedging {rN+ MR+ rCorr Str-2}
rCorr    +         Harm     .   i - +1 pair of gloves
MR       +++..                  (no boots)
Stlth    ..........             b - amulet of faith
HPRegen  0.51/turn              c - ring of protection from cold
MPRegen  0.25/turn              K - ring of protection from fire

@: berserking (expiring), glowing, very quick
A: big wings, deterioration 1, negative energy resistance 1, electricity
resistance, unbreathing, petrification resistance, rot immunity, AC +18
a: Fly, Divine Shield, Cleansing Flame, Summon Divine Warrior, Renounce Religion


You were on level 7 of the Iron City of Dis.
You worshipped the Shining One.
The Shining One was exalted by your worship.
You were not hungry.

You visited 5 branches of the dungeon, and saw 29 of its levels.
You visited the Abyss 2 times.
You also visited: Wizlab.

You collected 2802 gold pieces.
You spent 606 gold pieces at shops.

Inventory:

Hand Weapons
 e - a +9 sacred scourge of holy wrath (weapon)
 m - a +3 morningstar of freezing
Armour
 i - a +1 pair of gloves (worn)
 k - the +1 cloak of Ateruopp {rElec rF- rC++}
   (You found it in a wizard's laboratory)

   It makes you vulnerable to fire.
   It greatly protects you from cold.
   It insulates you from electricity.
 q - the +2 shield of Resistance (worn) {rF+ rC+ MR+}
   (You found it on level 9 of the Dungeon)

   It protects you from fire.
   It protects you from cold.
   It affects your resistance to hostile enchantments.
 x - +0 gold dragon scales (worn)
 E - the +2 cloak of Brilliance {rElec rC++ Str-2 Stlth+}
   (You found it in a wizard's laboratory)

   It affects your strength (-2).
   It greatly protects you from cold.
   It insulates you from electricity.
   It makes you more stealthy.
 H - the +1 cloak of Hedging (worn) {rN+ MR+ rCorr Str-2}
   (You found it in a wizard's laboratory)

   It affects your strength (-2).
   It protects you from negative energy.
   It affects your resistance to hostile enchantments.
   It protects you from acid and corrosion.
 J - the +1 cloak of Starlight {rElec rC+ EV+4 Stlth--}
   (You found it in a wizard's laboratory)

   It affects your evasion (+4).
   It protects you from cold.
   It insulates you from electricity.
   It makes you much less stealthy.
 Q - a +2 helmet (worn)
Jewellery
 a - the amulet of Miracles {Faith Fragile rF+++ Str+7 Int-2, unknown}
   (You found it on level 7 of the Iron City of Dis)

   [amulet of faith]

   It allows you to gain divine favour quickly.
   It affects your strength (+7).
   It affects your intelligence (-2).
   It renders you almost immune to fire.
   It will be destroyed if unequipped.
 b - an amulet of faith (around neck)
 c - a ring of protection from cold (left hand)
 l - a +6 ring of strength
 w - a +3 amulet of reflection
 y - the ring "Byzi" {MR+ Int+3}
   (You found it on level 7 of the Iron City of Dis)

   [ring of intelligence]

   It affects your intelligence (+3).
   It affects your resistance to hostile enchantments.
 K - a ring of protection from fire (right hand)
 N - an uncursed amulet of guardian spirit {unknown}
 P - an uncursed amulet of harm {unknown}
 R - an uncursed amulet of the gourmand {unknown}
 X - an uncursed amulet of harm {unknown}
Wands
 I - a wand of digging (5)
Scrolls
 o - 13 scrolls of remove curse
 s - a scroll of fear
 t - 2 scrolls of fog
 B - 2 scrolls of amnesia
 D - 4 scrolls of immolation
 W - a scroll of silence
Potions
 d - 4 potions of lignification
 n - 3 potions of ambrosia
 p - 2 potions of mutation
 r - 4 potions of curing
 A - 2 potions of brilliance
 L - a potion of magic
Comestibles
 g - 16 rations
 v - 2 chunks of flesh


   Skills:
 + Level 20.3 Fighting
 - Level 22.0 Maces & Flails
   Level 1.0 Polearms
 - Level 16.5 Armour
 + Level 3.4 Dodging
 - Level 1.1 Stealth
 - Level 15.0 Shields
 - Level 3.0 Unarmed Combat
 * Level 21.3 Invocations
 - Level 1.7 Evocations


You had 23 spell levels left.
You didn't know any spells.

Dungeon Overview and Level Annotations

Branches:
Dungeon (15/15)            Temple (1/1) D:5            Lair (0/6) D:9
    Orc (0/2) D:9          Vaults (0/5) D:13         Depths (5/5) D:15
   Hell (1/1)                 Dis (7/7) Hell            Geh (0/7) Hell
    Tar (0/7) Hell            Zot (0/5) Depths:5
    Coc: Hell:1

Altars:
Ashenzari
Cheibriados
Dithmenos
Elyvilon
Fedhas
Gozag
Hepliaklqana
Kikubaaqudgha
Makhleb
Nemelex Xobeh
Okawaru
Qazlal
Ru
Sif Muna
Trog
Uskayaw
Wu Jian
Xom
Yredelemnul
Zin
The Shining One

Shops:
D:6 [   D:7 !   D:11 [   D:12 }   Depths:3 =(!}:

Portals:
Hell: Depths:1 Depths:2 Depths:3 Depths:4 Depths:5
Abyss: Depths:1 Depths:2 Depths:4
Pandemonium: Depths:1 Depths:2 Depths:3
Ziggurat: Depths:4
Trove: D:10 (show slimy rune of Zot)

Annotations:
Hell exclusion: 2 ice statues
Dis:7 Serpent of Hell


Innate Abilities, Weirdness & Mutations

You are resistant to torment.
Your stone body is resilient. (AC +18)
You are immune to poison.
Your large and strong wings let you fly indefinitely.
You resist negative energy. (rN+)
You are resistant to electric shocks. (rElec)
You can survive without breathing.
You are immune to petrification.
You are immune to rotting.
Your body sometimes deteriorates upon taking damage.


Message History

The iron shot hits you! The Shining One protects you from harm!
Your angel hits Dispater with a sacred scourge of holy wrath!
Dispater convulses!!
Your angel hits Dispater with a sacred scourge of holy wrath!
Dispater convulses.
Unknown command.
You whack Dispater!
Dispater convulses!
You kill Dispater!
The Shining One accepts your kill.
You feel better.
You feel your power returning.
You hear a grinding sound. x12
The lorocyproca disappears in a puff of smoke!
You block the Serpent of Hell's attack.
The Serpent of Hell bites you but does no damage.
You block the Serpent of Hell's attack.
Unknown command.
Your angel hits the iron dragon but does no damage. x2
The Hell Sentinel gestures at you.
The sphere of damnation explodes!
The damnation engulfs you!
You die...

...#....≈....#..D# *,*#8......2#
#'##..#.≈.#..#...# *,*#..1#.#...
...'....≈....#...# *,*.D........
.).'.)#...#..#...# *,*&.......1.
#'##.........'...# *,*#1..#.#...
...#...#.#...#DD.# *,*#8,..,...#
...##..###..###D## *,,*#8.,....#
[.[###.....## #A.# *,,*##,..#.##
#######...######@## *,,,,*##...#
#...'...'...##§1##*,,,,,,...###
###...#####...###..##*****##*#*##
..#.[.#...#.".#.##.)############.
..#...#...#...#..##)).#.)....#...
..#####...#####...###.)..8..D'.##
..#.#.#...#.#.#)....###......###.
......)......)))).....########...
...........)).).).....#.#..#.#...


You could see the Serpent of Hell, a Hell Sentinel, a shadow dragon, an iron
dragon and a friendly angel.

Vanquished Creatures
  Dispater (Dis:7)
  Mara (Depths:4)
  Sojobo (Depths:3)
  Margery (Depths:4)
  A golden dragon (Depths:5)
  Geryon (Hell)
  the Enchantress (Depths:3)
  3 Brimstone Fiends (Dis:7)
  3 bone dragons
  A Tzitzimitl (Dis:7)
  An iron giant (Dis:7)
  4 Hell Sentinels (Dis:7)
  4 Ice Fiends
  2 titans (Depths:2)
  6 liches
  5 quicksilver dragons
  3 tentacled starspawn
  6 ancient champions
  4 shadow dragons
  3 sphinxes
  Frances (D:13)
  Kirke (D:12)
  A draconian monk (Depths:5)
  4 fire giants
  4 tengu reavers
  A nagaraja (Depths:2)
  A draconian knight (Depths:5)
  4 balrugs
  4 deep elf sorcerers
  5 iron dragons
  5 frost giants
  A draconian scorcher (Depths:5)
  A ghoul (Depths:2)
  An orc warlord (Depths:2)
  27 reapers
  11 very ugly things
  6 stone giants
  2 spriggan defenders (Depths:3)
  22 war gargoyles
  A vampire knight (Depths:2)
  Nessos (D:13)
  A red draconian (Depths:5)
  4 white draconians (Depths:5)
  A lorocyproca (Hell)
  A deep elf annihilator (Depths:2)
  3 spark wasps
  A green death (Hell)
  9 ettins
  A minotaur (Depths:2)
  3 blizzard demons
  10 great orbs of eyes
  Josephine (D:12)
  10 yaktaur captains
  6 fire dragons
  6 rakshasas
  3 quicksilver dragon zombies
  A naga warrior (Depths:2)
  4 hydras
  8 centaur warriors
  3 hell beasts
  A catoblepas (D:15)
  9 ice dragons
  Erica (D:9)
  8 spriggan air magi
  3 deep troll shamans
  14 two-headed ogres
  12 ogre magi
  2 tengu warriors
  2 deep troll earth magi
  12 hell hogs
  16 spriggans
  An orc high priest (Depths:2)
  15 spriggan berserkers
  4 vampire magi
  16 iron golems
  3 titan zombies
  2 thrashing horrors (WizLab)
  A slime creature (Depths:2)
  3 storm dragon zombies
  A salamander mystic (Depths:2)
  13 hell knights
  A wretched star (Abyss:3)
  8 sun demons
  3 soul eaters
  10 iron trolls
  88 skeletal warriors
  A fire crab (shapeshifter) (Depths:3)
  A spark wasp zombie (Depths:3)
  A storm dragon skeleton (Depths:3)
  4 anaconda zombies
  A shadow wraith (WizLab)
  The ghost of removed the Cudgeler, a novice HaFE of Ru (D:6)
  7 flayed ghosts
  A glowing orange brain (shapeshifter) (Depths:1)
  9 deep trolls
  An unseen horror (D:10)
  A shadow demon (Dis:3)
  2 glowing orange brains
  A deep elf archer (Depths:2)
  11 wizards
  A golden dragon skeleton (Hell)
  6 starcursed masses
  4 phantasmal warriors
  5 wolf spider zombies
  An orc knight (Depths:2)
  An iron dragon zombie (Dis:2)
  8 necromancers
  A kraken simulacrum (Hell)
  A shadow dragon zombie (Dis:3)
  2 deep elf magi
  2 harpies (shapeshifter)
  3 orc sorcerers
  A fire giant zombie (Dis:3)
  3 stone giant zombies
  28 ugly things
  A cyclops (D:12)
  A mana viper (WizLab)
  A shining eye (Depths:4)
  A worldbinder (Abyss:3)
  43 rust devils
  3 frost giant zombies
  2 dire elephant zombies (Dis:6)
  8 smoke demons
  A spriggan zombie (Depths:4)
  Maurice (D:13)
  An elf zombie (Depths:3)
  2 guardian serpents (WizLab)
  A stone giant skeleton (Dis:7)
  2 centaur zombies
  2 molten gargoyles (Hell)
  A naga mage (Depths:2)
  3 large abominations
  A catoblepas zombie (Hell)
  A torpor snail (shapeshifter) (Depths:4)
  12 hellions
  A spiny frog (shapeshifter) (Depths:3)
  A gargoyle (D:13)
  A red draconian zombie (Dis:1)
  A rime drake (shapeshifter) (D:14)
  An emperor scorpion zombie (Dis:5)
  7 freezing wraiths
  3 kobold demonologists
  23 yaktaurs
  An efreet (Dis:6)
  4 hydra zombies
  6 ice devils
  A golden dragon simulacrum (Depths:3)
  2 tengu conjurers
  22 tormentors
  2 demonic crawlers (Abyss:3)
  A hellwing (WizLab)
  2 ancient zymes (Abyss:3)
  A troll (D:15)
  5 hydra skeletons
  A polar bear (shapeshifter) (Depths:2)
  18 red devils
  4 raiju (Abyss:3)
  A harpy skeleton (Dis:3)
  15 hornets
  A hippogriff (D:11)
  7 blink frogs
  An iron dragon simulacrum (Hell)
  An alligator zombie (Dis:7)
  2 ice dragon zombies
  3 ettin zombies
  4 fire dragon zombies
  8 air elementals
  26 flying skulls
  23 wraiths
  14 water elementals
  21 shadows
  3 wyverns (D:9)
  4 ynoxinuls
  An ettin skeleton (Dis:1)
  2 vampires
  A human (D:9)
  18 yaks
  3 hogs
  3 fire elementals (Hell)
  A steam dragon (D:12)
  A hungry ghost (D:13)
  3 vampire mosquitoes (D:15)
  A neqoxec (Abyss:3)
  A chaos spawn (Depths:1)
  4 spatial vortices (WizLab)
  A floating eye (Depths:4)
  3 spiny frog zombies
  A swamp drake (D:9)
  The ghost of komo4ek the Covert, an amateur SpAs (D:4)
  37 hell hounds
  A hornet zombie (D:14)
  3 swamp dragon zombies
  3 manticore zombies
  5 sky beasts
  3 ice beasts
  9 orc warriors
  2 eyes of draining
  2 phantoms
  A black bear (D:11)
  5 boggarts
  2 necrophages
  2 human skeletons (WizLab)
  2 snapping turtle zombies
  17 ogres
  18 centaurs
  4 crocodiles
  13 bullfrogs
  6 big kobolds
  2 scorpions
  A small abomination (WizLab)
  A manticore simulacrum (Hell)
  12 killer bees
  A vampire bat (D:7)
  54 wights
  2 howler monkeys
  7 crimson imps
  2 quasits (Abyss:3)
  A bullfrog zombie (D:10)
  3 jellies
  8 hounds
  51 iron imps
  Crazy Yiuf (D:2)
  11 orc priests
  A bullfrog skeleton (D:11)
  4 centaur skeletons
  18 orc wizards
  4 iguanas
  8 worker ants
  5 hell rats (Hell)
  A hound zombie (D:9)
  6 mummies
  Robin (D:2)
  7 adders
  5 shadow imps
  2 white imps
  An ufetubus (Abyss:3)
  2 oozes
  2 adder skeletons
  An adder zombie (D:6)
  2 worms
  A dart slug (D:1)
  7 leopard geckos
  58 orcs
  A ball python (D:2)
  3 bat skeletons (D:7)
  4 bat zombies (D:7)
  3 giant cockroaches
  10 goblins
  11 hobgoblins
  7 jackals
  A quokka (D:13)
  2 bats
  3 frilled lizards
  A jackal skeleton (D:6)
  19 kobolds
  A kobold zombie (Dis:3)
  A leopard gecko zombie (D:7)
  2 quokka zombies
  2 rats (D:2)
1464 creatures vanquished.

Vanquished Creatures (collateral kills)
  Nikola (Depths:3)
  A Brimstone Fiend (Dis:7)
  4 iron giants
  A Tzitzimitl (Dis:1)
  A Hell Sentinel (Dis:7)
  An eldritch tentacle (WizLab)
  A tengu reaver (Depths:4)
  A deep elf sorcerer (Depths:2)
  An iron dragon (Dis:7)
  3 very ugly things
  7 war gargoyles (Dis:7)
  2 reapers
  A spriggan defender (Depths:3)
  An ettin (Depths:2)
  2 fire dragons (D:9)
  2 ice dragons (D:9)
  2 spriggan air magi
  2 centaur warriors (Depths:2)
  A dancing weapon (Dis:7)
  A tengu warrior (Depths:3)
  A deep troll shaman (Depths:4)
  2 deep troll earth magi (Depths:4)
  A vampire mage (Depths:2)
  A thrashing horror (WizLab)
  An iron golem (Dis:3)
  A deep elf knight (Depths:2)
  2 hell knights (Depths:4)
  A skeletal warrior (Dis:7)
  5 iron trolls
  2 deep trolls (Depths:4)
  An obsidian statue (WizLab)
  A shadow dragon zombie (Dis:3)
  A phantasmal warrior (Depths:2)
  An iron dragon zombie (Dis:7)
  An orc sorcerer (Depths:2)
  6 ugly things (Depths:2)
  5 rust devils (Dis:7)
  3 hellions
  A yaktaur (Depths:2)
  2 tormentors
  A red devil (Dis:1)
  A yaktaur skeleton (WizLab)
  A hornet (Depths:2)
  A wind drake (WizLab)
  2 wraiths (Dis:7)
  A spriggan (Depths:2)
  2 water elementals
  2 shadows
  An insubstantial wisp (WizLab)
  A spatial vortex (WizLab)
  A necrophage (Dis:7)
  A manticore zombie (Dis:7)
  A human zombie (Dis:7)
  A quasit (WizLab)
  3 iron imps
  A plant (Depths:2)
96 creatures vanquished.

Vanquished Creatures (others)
  A frost giant (Depths:3)
  An iron golem (Dis:7)
  An ugly thing (Depths:3)
  A rust devil (Dis:7)
  A tengu conjurer (Depths:1)
  A centaur (D:15)
  A wight (Dis:3)
  A lurking horror (Abyss:3)
  6 plants
  9 starspawn tentacles
  4 tentacles (Hell)
27 creatures vanquished.

Grand Total: 1587 creatures vanquished

Notes
Turn   | Place    | Note
-------+----------+-------------------------------------------
     0 | D:1      | HungrySpirit the Gargoyle Wanderer began the quest for the Orb.
     0 | D:1      | HungrySpirit set off with: a scroll of blinking, a potion of heal wounds, a potion of lignification, a wand of random effects (15), a +0 robe, a +0 club, a ration
     0 | D:1      | Reached XP level 1. HP: 12/12 MP: 2/2
   377 | D:1      | Reached skill level 1 in Maces & Flails
   377 | D:1      | Reached XP level 2. HP: 1/18 MP: 3/3
  1450 | D:2      | Reached skill level 2 in Maces & Flails
  1450 | D:2      | Reached XP level 3. HP: 17/22 MP: 4/4
  1734 | D:2      | Found a runed door.
  1743 | D:2      | Noticed Crazy Yiuf
  1753 | D:2      | Killed Crazy Yiuf
  1753 | D:2      | Reached skill level 3 in Maces & Flails
  1753 | D:2      | Reached XP level 4. HP: 23/28 MP: 5/5
  2282 | D:2      | Noticed Robin
  2308 | D:2      | Killed Robin
  2689 | D:3      | Noticed an ogre
  2729 | D:3      | Reached XP level 5. HP: 29/32 MP: 6/6
  3528 | D:4      | Reached skill level 4 in Maces & Flails
  3622 | D:4      | Reached XP level 6. HP: 31/38 MP: 7/7
  3767 | D:4      | Reached skill level 1 in Armour
  3807 | D:4      | Found a white marble altar of Elyvilon.
  3994 | D:4      | Found a basalt altar of Yredelemnul.
  3994 | D:4      | Found a shattered altar of Ashenzari.
  3995 | D:4      | Found a hazy altar of Hepliaklqana.
  4020 | D:4      | Noticed komo4ek's ghost (amateur SpAs)
  4106 | D:4      | Killed komo4ek's ghost
  4106 | D:4      | Reached skill level 5 in Maces & Flails
  4451 | D:5      | Entered Level 5 of the Dungeon
  4497 | D:5      | Reached XP level 7. HP: 44/44 MP: 8/8
  4830 | D:5      | Reached skill level 5 in Fighting
  4947 | D:5      | Reached skill level 6 in Maces & Flails
  5012 | D:5      | Found a staircase to the Ecumenical Temple.
  5271 | Temple   | Entered the Ecumenical Temple
  5355 | Temple   | Became a worshipper of the Shining One
  5605 | D:6      | Reached XP level 8. HP: 46/50 MP: 9/9
  5666 | D:6      | Noticed removed's ghost (novice HaFE)
  5754 | D:6      | Found Lyhef's Antique Armour Shop.
  5764 | D:6      | Bought a fine chain mail for 266 gold pieces
  5781 | D:6      | Found an ornate altar of the Wu Jian Council.
  5792 | D:6      | Identified the +3 chain mail of Oruigib {Regen+} (You bought it in a shop on level 6 of the Dungeon)
  5871 | D:6      | Reached skill level 7 in Maces & Flails
  6273 | D:6      | Found a shimmering altar of Xom.
  6273 | D:6      | Found an iron altar of Okawaru.
  6306 | D:6      | Reached * piety under the Shining One
  6609 | D:7      | Reached skill level 8 in Maces & Flails
  6609 | D:7      | Reached skill level 5 in Armour
  6628 | D:7      | Found a shattered altar of Ashenzari.
  6675 | D:7      | Reached XP level 9. HP: 49/56 MP: 10/10
  6921 | D:7      | Found Eskudaabi's Distillery.
  6929 | D:7      | Bought a potion of curing for 36 gold pieces
  7254 | D:7      | Found an ancient bone altar of Kikubaaqudgha.
  7416 | D:8      | Reached ** piety under the Shining One
  7444 | D:8      | Reached skill level 9 in Maces & Flails
  7556 | D:8      | Found a shadowy altar of Dithmenos.
  7716 | D:8      | Found a glowing silver altar of Zin.
  7779 | D:8      | Found a shadowy altar of Dithmenos.
  7921 | D:9      | Noticed a two-headed ogre
  7928 | D:9      | Killed a two-headed ogre
  7928 | D:9      | Reached XP level 10. HP: 50/64 MP: 7/11
  7977 | D:9      | Reached skill level 10 in Maces & Flails
  8040 | D:9      | Noticed a fire dragon
  8041 | D:9      | Noticed an ice dragon
  8041 | D:9      | Found a runed door.
  8041 | D:9      | Noticed an ice dragon
  8042 | D:9      | Found the +2 shield of Resistance {rF+ rC+ MR+}
  8042 | D:9      | Noticed a fire dragon
  8060 | D:9      | Found a runed door.
  8246 | D:9      | Paralysed by an orc for 6 turns
  8259 | D:9      | Noticed a two-headed ogre
  8288 | D:9      | Killed a two-headed ogre
  8406 | D:9      | Noticed Erica
  8419 | D:9      | Killed Erica
  8575 | D:9      | Found a staircase to the Orcish Mines.
  8786 | D:9      | Reached skill level 11 in Maces & Flails
  8859 | D:9      | Found a staircase to the Lair.
  8863 | D:9      | Reached *** piety under the Shining One
  8996 | D:9      | Reached XP level 11. HP: 71/71 MP: 14/14
  9156 | D:10     | Entered Level 10 of the Dungeon
  9249 | D:10     | Reached skill level 5 in Invocations
  9805 | D:10     | Found a portal to a secret trove of treasure.
 10111 | D:10     | Noticed an unseen horror
 10117 | D:10     | Killed an unseen horror
 10501 | D:10     | Noticed a two-headed ogre
 10514 | D:10     | Killed a two-headed ogre
 10829 | D:11     | Reached skill level 12 in Maces & Flails
 10865 | D:11     | Found Witsy's Antique Armour Boutique.
 11411 | D:11     | Noticed a two-headed ogre
 11411 | D:11     | Reached **** piety under the Shining One
 11499 | D:11     | Killed a two-headed ogre
 11499 | D:11     | Reached skill level 10 in Fighting
 11733 | D:12     | Noticed a skeletal warrior
 11733 | D:12     | Noticed a skeletal warrior
 11733 | D:12     | Noticed a skeletal warrior
 11772 | D:11     | Killed a skeletal warrior
 11876 | D:12     | Reached XP level 12. HP: 57/77 MP: 17/17
 11891 | D:12     | Noticed a two-headed ogre
 12055 | D:12     | Killed a two-headed ogre
 12224 | D:11     | Reached skill level 13 in Maces & Flails
 12315 | D:11     | Reached skill level 10 in Armour
 12464 | D:12     | Found Noimmysaocs's Gadget Emporium.
 12529 | D:12     | Noticed Josephine
 12549 | D:12     | Killed Josephine
 12549 | D:12     | Reached ***** piety under the Shining One
 12771 | D:13     | Noticed Kirke
 12863 | D:12     | Killed Kirke
 12953 | D:13     | Reached skill level 14 in Maces & Flails
 13031 | D:13     | Noticed Maurice
 13034 | D:13     | Reached XP level 13. HP: 84/84 MP: 12/18
 13040 | D:13     | Killed Maurice
 13106 | D:13     | Noticed Frances
 13121 | D:13     | Noticed a yaktaur captain
 13123 | D:13     | Killed Frances
 13131 | D:13     | Killed a yaktaur captain
 13212 | D:13     | Found a gate to the Vaults.
 13374 | D:13     | Noticed Nessos
 13387 | D:13     | Killed Nessos
 14033 | D:14     | Gained mutation: Your body sometimes deteriorates upon taking damage. [a neqoxec]
 14219 | D:14     | Reached skill level 15 in Maces & Flails
 14640 | D:15     | Entered Level 15 of the Dungeon
 14744 | D:15     | Gained mutation: Your large and strong wings let you fly indefinitely. [Gargoyle growth]
 14744 | D:15     | Reached XP level 14. HP: 46/92 MP: 20/20
 14881 | D:15     | Found a staircase to the Depths.
 15370 | D:6      | Killed removed's ghost
 15642 | D:15     | Found a sparkling altar of Nemelex Xobeh.
 15690 | D:15     | Reached skill level 1 in Shields
 16354 | Depths:1 | Entered Level 1 of the Depths
 16398 | Depths:1 | You fall through a shaft!
 16398 | Depths:2 | Noticed a purple very ugly thing
 16398 | Depths:2 | Noticed a purple very ugly thing
 16415 | Depths:2 | Killed a purple very ugly thing
 16416 | Depths:2 | Killed a brown very ugly thing
 16511 | Depths:2 | Reached skill level 16 in Maces & Flails
 16605 | Depths:2 | Found a gateway to Hell.
 16899 | Depths:2 | Found a one-way gate leading to the halls of Pandemonium.
 17080 | Depths:2 | Reached XP level 15. HP: 58/99 MP: 14/22
 17137 | Depths:2 | Reached skill level 10 in Invocations
 17169 | Depths:2 | Found a magical portal.
 17178 | Depths:2 | Noticed a frost giant
 17178 | WizLab   | Entered The Roulette of Golubria
 17178 | WizLab   | Found a transporter.
 17181 | WizLab   | Found a corrupted altar of Lugonu.
 17192 | WizLab   | Noticed a tentacled starspawn
 17206 | WizLab   | Killed a tentacled starspawn
 17275 | WizLab   | Found a corrupted altar of Lugonu.
 17283 | WizLab   | Found a transporter.
 17288 | WizLab   | Found a transporter.
 17329 | WizLab   | Reached skill level 5 in Shields
 17361 | WizLab   | Found a transporter.
 17364 | WizLab   | Noticed a tentacled starspawn
 17382 | WizLab   | Killed a tentacled starspawn
 17438 | WizLab   | Found a transporter.
 17464 | WizLab   | Found the +1 cloak of Starlight {rElec rC+ EV+4 Stlth--}
 17487 | WizLab   | Found a transporter.
 17518 | WizLab   | Found a transporter.
 17533 | WizLab   | Found a transporter.
 17589 | WizLab   | Found a transporter.
 17755 | WizLab   | Found a transporter.
 17755 | WizLab   | Found a transporter.
 17776 | WizLab   | Found a transporter.
 17825 | WizLab   | Found a transporter.
 17878 | WizLab   | Found a transporter.
 17912 | WizLab   | Found a transporter.
 17912 | WizLab   | Found a transporter.
 17973 | WizLab   | Found a transporter.
 17980 | WizLab   | Noticed an Executioner
 17992 | WizLab   | Reached skill level 17 in Maces & Flails
 18024 | WizLab   | Got an encrusted cloak
 18032 | WizLab   | Found a transporter.
 18035 | WizLab   | Got a scorched cloak
 18038 | WizLab   | Got a transparent cloak
 18085 | WizLab   | Identified the Volume of Translocation
 18159 | WizLab   | Found a transporter.
 18159 | WizLab   | Found a transporter.
 18183 | WizLab   | Identified the +1 cloak of Ateruopp {rElec rF- rC++} (You found it in a wizard's laboratory)
 18204 | WizLab   | Identified the +2 cloak of Brilliance {rElec rC++ Str-2 Stlth+} (You found it in a wizard's laboratory)
 18214 | WizLab   | Identified the +1 cloak of Hedging {rN+ MR+ rCorr Str-2} (You found it in a wizard's laboratory)
 18433 | Depths:1 | Found a one-way gate to the infinite horrors of the Abyss.
 18963 | Depths:2 | Killed a frost giant
 18963 | Depths:2 | Reached XP level 16. HP: 100/106 MP: 24/24
 19477 | Depths:2 | Noticed a nagaraja
 19491 | Depths:2 | Killed a nagaraja
 19497 | Depths:2 | Paralysed by a vampire knight for 6 turns
 19507 | Depths:2 | Reached skill level 18 in Maces & Flails
 19531 | Depths:2 | Cast into level 3 of the Abyss (a deep elf sorcerer)
 19573 | Abyss:3  | Noticed a tentacled starspawn
 19590 | Abyss:3  | Killed a tentacled starspawn
 19749 | Depths:2 | Escaped the Abyss
 19838 | Depths:2 | Noticed a titan
 19838 | Depths:2 | Reached ****** piety under the Shining One
 19838 | Depths:2 | Noticed a titan
 19851 | Depths:2 | Killed a titan
 19878 | Depths:2 | Killed a titan
 20024 | Depths:2 | Noticed a lich
 20048 | Depths:2 | Killed a lich
 20061 | Depths:2 | Reached skill level 15 in Fighting
 20434 | Depths:1 | Reached XP level 17. HP: 107/113 MP: 26/26
 20772 | Depths:1 | Found a sparkling altar of Nemelex Xobeh.
 21040 | Depths:1 | Paralysed by a yaktaur for 3 turns
 21313 | Depths:3 | Noticed a lich
 21345 | Depths:3 | Noticed the Enchantress
 21438 | Depths:3 | Noticed Nikola
 21461 | Depths:3 | Killed Nikola
 21461 | Depths:3 | Reached skill level 19 in Maces & Flails
 21480 | Depths:3 | Noticed a sphinx
 21574 | Depths:3 | Reached skill level 10 in Shields
 21709 | Depths:3 | Noticed a Brimstone Fiend
 21714 | Depths:3 | Killed a lich
 21778 | Depths:3 | Killed a sphinx
 22052 | Depths:3 | Found Deosagg's Distillery.
 22052 | Depths:3 | Found Gefawiem's Antique Weapon Emporium.
 22054 | Depths:3 | Found Nane's Jewellery Emporium.
 22055 | Depths:3 | Found Nuikau's Gadget Shoppe.
 22070 | Depths:3 | Found Akheoc's Book Shoppe.
 22123 | Depths:3 | Noticed Sojobo
 22157 | Depths:3 | Killed Sojobo
 22157 | Depths:3 | Reached XP level 18. HP: 88/120 MP: 26/28
 22587 | Depths:3 | Found a deep blue altar of Sif Muna.
 22591 | Depths:3 | Noticed a lich
 22602 | Depths:3 | Killed a lich
 22620 | Depths:3 | Reached skill level 20 in Maces & Flails
 23494 | Depths:3 | Identified a +3 sacred scourge of holy wrath (a +1 demon whip of electrocution blessed by the Shining One)
 23494 | Depths:3 | Received a gift from the Shining One
 23707 | Depths:4 | Noticed Mara
 23710 | Depths:4 | Noticed HungrySpirit's illusion
 23726 | Depths:4 | Killed Mara
 23785 | Depths:4 | Paralysed by a floating eye for 2 turns
 24443 | Depths:4 | Reached XP level 19. HP: 127/127 MP: 23/29
 24612 | Depths:4 | Found a gateway to a ziggurat.
 24714 | Depths:4 | Found a runed door.
 24976 | Depths:4 | Noticed Margery
 24991 | Depths:4 | Killed Margery
 25224 | Depths:4 | Noticed a lich
 25230 | Depths:4 | Killed a lich
 25247 | Depths:4 | Reached skill level 21 in Maces & Flails
 25674 | Depths:5 | Entered Level 5 of the Depths
 26099 | Depths:5 | Reached skill level 15 in Invocations
 26332 | Depths:5 | Noticed a golden dragon
 26357 | Depths:5 | Killed a golden dragon
 26959 | Depths:5 | Reached XP level 20. HP: 134/134 MP: 31/31
 27927 | Depths:5 | Noticed a bone dragon
 27945 | Depths:5 | Killed a bone dragon
 27956 | Depths:5 | Found a gate to the Realm of Zot.
 28277 | Hell     | Entered the Vestibule of Hell
 28277 | Hell     | Noticed Geryon
 28356 | Hell     | Killed Geryon
 28821 | Hell     | Found a gateway to the decaying netherworld of Tartarus.
 28900 | Hell     | Found a gateway to the ashen valley of Gehenna.
 28987 | Hell     | Found a gateway to the Iron City of Dis.
 29139 | Dis:1    | Entered Level 1 of the Iron City of Dis
 29144 | Dis:1    | Reached XP level 21. HP: 125/140 MP: 31/33
 29145 | Dis:1    | Reached skill level 22 in Maces & Flails
 31552 | Dis:3    | Reached XP level 22. HP: 82/148 MP: 34/34
 31739 | Dis:4    | Reached skill level 15 in Shields
 32595 | Dis:6    | Reached skill level 15 in Armour
 32645 | Dis:7    | Entered Level 7 of the Iron City of Dis
 33631 | Dis:7    | Reached XP level 23. HP: 144/155 MP: 29/36
 33662 | Dis:7    | Noticed the Serpent of Hell
 33702 | Dis:7    | Noticed Dispater
 34074 | Depths:3 | Killed the Enchantress
 34099 | Depths:3 | Bought a potion of heal wounds for 80 gold pieces
 34099 | Depths:3 | Bought a potion of haste for 160 gold pieces
 34099 | Depths:3 | Bought a potion of might for 64 gold pieces
 35170 | Dis:6    | Cast into level 3 of the Abyss (eldritch tentacle)
 35433 | Dis:6    | Escaped the Abyss
 35657 | Dis:7    | Got a heavily runed granite ring
 35658 | Dis:7    | Identified the ring "Byzi" {MR+ Int+3} (You found it on level 7 of the Iron City of Dis)
 35722 | Dis:7    | Got a clouded zirconium amulet
 35789 | Dis:7    | Found the +2 hat of the Bear Spirit {Spirit, +Rage rN+ MR++}
 35932 | Dis:7    | Reached XP level 24. HP: 143/163 MP: 37/37
 36050 | Dis:7    | The Shining One protects you from harm!
 36058 | Dis:7    | The Shining One protects you from harm!
 36059 | Dis:7    | Killed Dispater
 36060 | Dis:7    | Killed from afar by a Hell Sentinel

Skill      XL: |  1  2  3  4  5  6  7  8  9 10 11 12 13 14 15 16 17 18 19 20 21 22 23 24 |
---------------+-------------------------------------------------------------------------+-----
Maces & Flails | 1 2 3 4 5 6 8 9 11 12 14 15 16 17 18 19 20 21 22 | 22.0
Fighting       | 3 4 5 6 8 9 10 11 12 13 14 15 16 17 18 19 20 | 20.3
Armour         | 2 3 5 6 8 9 10 11 12 13 14 15 16 | 16.5
Invocations    | 2 4 6 8 9 11 12 13 14 15 16 17 19 21 | 21.3
Shields        | 4 7 9 10 12 13 14 15 | 15.0
Dodging        | 2 3 |  3.4
Polearms       | |  1.0
Stealth        | |  1.1
Unarmed Combat | |  3.0
Evocations     | |  1.7

Action                   |  1- 3 |  4- 6 |  7- 9 | 10-12 | 13-15 | 16-18 | 19-21 | 22-24 || total
-------------------------+-------+-------+-------+-------+-------+-------+-------+-------++-------
Melee: Club              |    90 |       |       |       |       |       |       |       ||    90
       Mace              |     7 |   123 |       |       |       |       |       |       ||   130
       Punch             |       |     4 |     3 |     6 |     6 |       |       |       ||    19
       Flail             |       |   204 |   379 |   528 |       |       |       |       ||  1111
       Dire flail        |       |       |       |   289 |       |       |       |       ||   289
       Morningstar       |       |       |       |    35 |  1023 |  1022 |       |       ||  2080
       Sacred scourge    |       |       |       |       |       |   138 |  1492 |  1208 ||  2838
Throw: Throwing net      |       |     2 |       |     2 |       |       |       |       ||     4
Invok: Divine Shield     |       |       |     1 |       |     6 |    11 |     6 |     2 ||    26
       Cleansing Flame   |       |       |       |       |     9 |    10 |    42 |    30 ||    91
       Summon Divine War |       |       |       |       |     9 |    11 |     5 |    21 ||    46
       Brand Weapon With |       |       |       |       |       |     1 |       |       ||     1
 Abil: Fly               |       |       |       |       |     1 |       |       |       ||     1
       Stop Flying       |       |       |       |       |     1 |       |       |       ||     1
Evoke: Wand              |       |       |     5 |     7 |    10 |     6 |     4 |       ||    32
  Use: Potion            |     2 |       |     1 |     1 |     3 |     4 |     1 |     8 ||    20
       Scroll            |       |       |    11 |     4 |    14 |    13 |     6 |    11 ||    59
  Eat: Chunk             |     3 |     7 |    10 |    14 |    11 |     6 |    10 |     7 ||    68
       Ration            |       |     1 |       |     1 |     4 |     6 |     6 |     5 ||    23
Armor: Robe              |    12 |       |       |       |       |       |       |       ||    12
       Ring mail         |    26 |    91 |       |       |       |       |       |       ||   117
       Skin              |     2 |       |       |       |       |       |       |       ||     2
       Scale mail        |       |   144 |   111 |       |       |       |       |       ||   255
       Chain mail        |       |       |   146 |   577 |   503 |   430 |   122 |       ||  1778
       Gold dragon scale |       |       |       |       |       |       |   492 |   627 ||  1119
Dodge: Dodged            |    48 |   191 |   183 |   297 |   210 |   154 |   214 |   153 ||  1450
Block: Other             |       |       |       |       |    19 |       |       |       ||    19
       Shield            |       |       |       |       |   299 |   576 |   670 |   653 ||  2198
       Reflection        |       |       |       |       |    13 |       |       |       ||    13
